 Dungeon Crawl Stone Soup version 0.22-a0-469-gf26638a (webtiles) character file.

194 protoss039 the Skirmisher (level 5, 0/48 (50) HPs)
             Began as a Minotaur Monk on June 11, 2018.
             Succumbed to an adder's poison
             ... on level 2 of the Dungeon.
             The game lasted 00:03:09 (1420 turns).

protoss039 the Skirmisher (Minotaur Monk)           Turns: 1420, Time: 00:03:09

HP:   0/48 (50)     AC:  5    Str: 14 (16) XL:     5   Next: 44%
MP:   4/4           EV: 11    Int:  6 (7)  God:
Gold: 98            SH:  0    Dex: 10 (13) Spells: 4/4 levels left

rFire    . . .     SeeInvis .   a - +0 hand axe
rCold    . . .     Gourm    .   (no shield)
rNeg     . . .     Faith    .   f - +0 ring mail
rPois    .         Spirit   .   (helmet restricted)
rElec    .         Reflect  .   (no cloak)
rCorr    .         Harm     .   (no gloves)
MR       .....                  (no boots)
Stlth    +.........             (no amulet)
HPRegen  0.16/turn              (no ring)
MPRegen  0.09/turn              (no ring)

@: lethally poisoned (0 -> -7)
A: retaliatory headbutt, horns 2
a: no special abilities


You were on level 2 of the Dungeon.
You were not hungry.

You visited 1 branch of the dungeon, and saw 2 of its levels.

You collected 98 gold pieces.

Inventory:

Hand Weapons
 a - a +0 hand axe (weapon)
Armour
 b - a +0 robe
 f - a +0 ring mail (worn)
Jewellery
 e - an uncursed amulet of faith
Scrolls
 h - a scroll of fear {unknown}
 i - 2 scrolls of identify
 j - a scroll of blinking {unknown}
 k - a scroll of remove curse {unknown}
Comestibles
 c - 2 rations
 d - 4 chunks of flesh


   Skills:
 + Level 5.7 Fighting
 + Level 5.7 Axes
 - Level 3.5 Dodging
 - Level 1.6 Stealth


You had 4 spell levels left.
You didn't know any spells.
Your spell library was empty.

Dungeon Overview and Level Annotations

Branches:
Dungeon (2/15)

Altars:


Innate Abilities, Weirdness & Mutations

You reflexively headbutt those who attack you in melee.
You have a pair of horns on your head.


Message History

The adder is severely wounded.
* * * LOW HITPOINT WARNING * * *
You feel sick. The adder barely misses you.
Unknown command.
You hit the adder.
You kill the adder!
* * * LOW HITPOINT WARNING * * *
You feel sick.
Unknown command.
* * * LOW HITPOINT WARNING * * *
You feel sick.
You see here an adder corpse.
You butcher the adder corpse.
* * * LOW HITPOINT WARNING * * *
You feel sick.
Things that are here:
2 chunks of flesh; an adder skeleton
Okay, then.
d - 4 chunks of flesh (gained 2)
You die...

..#.)##.......#######........#...
####.##....##.......#....#.#.#...
.....#####.########.#..#.....#...
.##### ###......#.#...##>......
.# #####......#.###.####.#... .#
#..........#.....# #.#... .#
#.....#....####### #.#... ###
#.....#.#.## #.#... <.#
####..†..#..@# #.#### #.#
#....)...#.#).# #.# #.#
#........#.##.# #.# ..#
#........#.# ... #.# ..#
#.....###### #... ### ).###...###
...# ..........# ...# .####...###
...# .# #.....#


There were no monsters in sight!

Vanquished Creatures
  A necrophage (D:2)
  Terence (D:2)
  3 adders (D:2)
  4 worms (D:2)
  A dart slug (D:1)
  2 leopard geckos
  2 bats (D:2)
  A giant cockroach (D:2)
  5 goblins
  6 hobgoblins
  3 jackals (D:1)
  4 kobolds
  A ball python (D:1)
  3 frilled lizards (D:2)
  8 rats
45 creatures vanquished.

Notes
Turn   | Place    | Note
-------+----------+-------------------------------------------
     0 | D:1      | protoss039 the Minotaur Monk began the quest for the Orb.
     0 | D:1      | Reached XP level 1. HP: 19/19 MP: 0/0
    58 | D:1      | Reached XP level 2. HP: 18/27 MP: 1/1
   673 | D:2      | Reached XP level 3. HP: 28/34 MP: 2/2
   691 | D:2      | Noticed a necrophage
   703 | D:2      | Killed a necrophage
   703 | D:2      | Reached skill level 5 in Fighting
   703 | D:2      | Reached skill level 5 in Axes
   703 | D:2      | Reached XP level 4. HP: 25/40 MP: 3/3
   828 | D:2      | Noticed Terence
   912 | D:2      | Reached XP level 5. HP: 45/46 MP: 4/4
  1412 | D:2      | Killed Terence
  1417 | D:2      | HP: 2/48 [poisoned by an adder]
  1420 | D:2      | Succumbed to an adder's poison

Vault maps used:
D:1:      lemuel_arrival_cross, dk_noncrumbling_2
D:2:      serial_co_window_serial, co_window_corner_a, co_window_corner_a,
          co_window_paths_b, co_window_paths_b, co_window_corner_a,
          co_window_paths_a, co_window_corner_a, co_window_broadway_a,
          co_window_corner_cb, co_window_broadway_b, co_window_of_opportunity_b,
          co_window_broadway_b, co_window_of_opportunity_c, glass_columns_a,
          glass_columns_a, glass_columns_a, uniq_terence

Skill      XL: |  1  2  3 |
---------------+----------+-----
Fighting       | 4 5 |  5.7
Axes           | 4 5 |  5.7
Dodging        | |  3.5
Stealth        | |  1.6

Action                   |  1- 3 |  4- 6 || total
-------------------------+-------+-------++-------
Melee: Hand axe          |    57 |    46 ||   103
       Headbutt          |    15 |    13 ||    28
  Use: Scroll            |       |     1 ||     1
       Potion            |       |     1 ||     1
 Stab: Sleeping          |     2 |       ||     2
  Eat: Chunk             |       |     2 ||     2
Armor: Robe              |     2 |       ||     2
       Ring mail         |    17 |    10 ||    27
Dodge: Dodged            |    22 |    29 ||    51

Table legend:
 A = Spawn XP
 B = Non-spawn XP
 C = Spawn XP percentage of total XP
 D = Spawn monster count
 E = Non-spawn monster count
 F = Spawn count percentage of total count
 G = Total turns spent on level
                    A         B        C        D         E        F      G
               +---------+---------+-------+---------+---------+-------+---------
         Total |       0 |     278 |   0.0 |       0 |      45 |   0.0 |  1420
               +---------+---------+-------+---------+---------+-------+---------
           D:1 |       0 |      29 |   0.0 |       0 |      16 |   0.0 |   562
           D:2 |       0 |     249 |   0.0 |       0 |      29 |   0.0 |   858
               +---------+---------+-------+---------+---------+-------+---------
